 Dungeon Crawl Stone Soup version 0.15.0-18-g9076a4f (webtiles) character file.

275 MDvedh the Cudgeler (level 6, -3/30 HPs)
             Began as a Vine Stalker Death Knight on Sept 7, 2014.
             Was a Priest of Yredelemnul.
             Slain by an ogre
             ... wielding a +0 giant club
              (6 damage)
             ... on Level 4 of the Dungeon.
             The game lasted 00:07:30 (2766 turns).

MDvedh the Cudgeler (Vine Stalker Death Knight)     Turns: 2766, Time: 00:07:30

HP  -3/30        AC  9     Str 22      XL: 6   Next: 25%
MP   0/10        EV  7     Int 11      God: Yredelemnul [***...]
Gold 179         SH  0     Dex 14      Spells:  0 memorised,  5 levels left

rFire  . . .     SeeInvis .     e - +0 flail
rCold  . . .     Clarity  .     m - +0 chain mail
rNeg   . . .     rCorr    .     (no shield)
rPois  .         rRot     +     (no helmet)
rElec  .         Spirit   +     (no cloak)
SustAb .         Warding  .     h - +0 pair of gloves
rMut   .         Stasis   .     (no boots)
Gourm  .                        j - cursed amulet of inaccuracy
MR     .....                    (no ring)
                                (no ring)

@: mighty, not resistant to hostile enchantments, extremely unstealthy
A: fangs 2, regeneration 2, magic shield, antimagic bite, no device heal 3, rot
immunity
a: Animate Dead, Recall Undead Slaves, Injury Mirror, Renounce Religion


You were on level 4 of the Dungeon.
You worshipped Yredelemnul.
Yredelemnul was most pleased with you.
You were not hungry.

You visited 1 branch of the dungeon, and saw 4 of its levels.

You collected 179 gold pieces.

Inventory:

Hand weapons
 e - a +0 flail (weapon)
Armour
 h - a +0 pair of gloves (worn)
 m - a +0 chain mail (worn)
Magical devices
 b - a wand of enslavement (5)
Comestibles
 c - a bread ration
 g - a meat ration
 i - a royal jelly
Scrolls
 a - a scroll of recharging
 d - 2 scrolls of teleportation
 f - a scroll of identify
Jewellery
 j - a cursed amulet of inaccuracy (around neck)
Potions
 l - a potion of flight


   Skills:
 - Level 1.7 Fighting
 + Level 5.8 Maces & Flails
 - Level 0.7 Armour
 - Level 0.7 Dodging
 - Level 2.6 Invocations


You had 5 spell levels left.
You didn't know any spells.

Dungeon Overview and Level Annotations

Branches:
Dungeon (4/15)
 Temple: D:4-7

Altars:


Innate Abilities, Weirdness & Mutations

You have extremely sharp teeth.
You heal very quickly.
When hurt, damage is shared between your health and your magic reserves.
Your bite disrupts and absorbs the magic of your enemies.
Potions and wands cannot restore your health.
You are immune to rotting.


Message History

Your orc zombie hits the ogre but does no damage.
Unknown command.
Unknown command.
Unknown command.
You closely miss the ogre.
The ogre is moderately wounded.
Your orc zombie closely misses the ogre.
The ogre hits you with a giant club!
* * * LOW HITPOINT WARNING * * *
Unknown command.
Drink which item? (? for menu, Esc to quit)
You feel very mighty all of a sudden.
Your orc zombie hits the ogre with a hand axe.
Unknown command.
Unknown command.
You completely miss the ogre.
The ogre is heavily wounded.
The ogre hits you with a giant club.
You die...
Your body rises from the dead as a mindless zombie.

#####
#..@##
##.O.#
#.Z.#
##<##
#.##
#..##
##..#
#...>.#
#......#


You could see an ogre and a friendly orc zombie.

Vanquished Creatures
  Sigmund (D:3)
  2 orc wizards (D:3)
  A worker ant (D:3)
  Ijyb (D:2)
  Terence (D:3)
  2 adders
  Natasha (twice) (D:3)
  A worm (D:2)
  8 giant geckos
  3 orcs
  3 giant cockroaches
  13 hobgoblins
  8 kobolds
  A quokka (D:2)
  6 bats
  3 giant newts
  11 goblins
  5 jackals (D:1)
  4 rats
76 creatures vanquished.

Vanquished Creatures (collateral kills)
  Natasha (D:3)
  An adder (D:3)
  An orc (D:3)
  A kobold (D:3)
4 creatures vanquished.

Grand Total: 80 creatures vanquished

Notes
Turn   | Place    | Note
--------------------------------------------------------------
     0 | D:1      | MDvedh, the Vine Stalker Death Knight, began the quest for the Orb.
     0 | D:1      | Reached XP level 1. HP: 11/11 MP: 1/1
   127 | D:1      | Reached XP level 2. HP: 15/15 MP: 3/3
   393 | D:1      | Reached skill level 3 in Maces & Flails
   396 | D:1      | Reached XP level 3. HP: 6/18 MP: 5/5
   653 | D:1      | Acquired Yredelemnul's second power
  1128 | D:2      | Noticed Ijyb
  1145 | D:2      | Killed Ijyb
  1145 | D:2      | Reached skill level 4 in Maces & Flails
  1145 | D:2      | Reached XP level 4. HP: 21/23 MP: 6/6
  1774 | D:3      | Reached XP level 5. HP: 7/26 MP: 6/9
  2047 | D:3      | Noticed Terence
  2064 | D:3      | Killed Terence
  2208 | D:3      | Noticed Sigmund
  2212 | D:3      | Acquired Yredelemnul's third power
  2221 | D:3      | Reached skill level 5 in Maces & Flails
  2255 | D:3      | HP: 1/26 [something (2)]
  2262 | D:3      | Killed Sigmund
  2262 | D:3      | Gained mutation: You heal very quickly. [vine stalker growth]
  2262 | D:3      | Reached XP level 6. HP: 2/30 MP: 4/10
  2386 | D:3      | Noticed Natasha
  2400 | D:3      | Killed Natasha
  2662 | D:3      | Noticed Natasha
  2664 | D:3      | Killed Natasha
  2672 | D:3      | Noticed Natasha
  2677 | D:3      | Killed Natasha
  2766 | D:4      | Slain by an ogre

Action                   |  1- 3 |  4- 6 || total
-------------------------+-------+-------++-------
Melee: Mace              |   146 |    85 ||   231
       Flail             |       |    53 ||    53
Invok: Injury Mirror     |       |     1 ||     1
       Animate Dead      |       |     7 ||     7
Evoke: Wand              |       |     3 ||     3
  Use: Scroll            |     2 |     3 ||     5
       Potion            |       |     3 ||     3
  Eat: Chunk             |     1 |     3 ||     4
       Bread ration      |       |     1 ||     1
